AoeStats
← Strive4Richs601

Black Forest

509791444Analyzed
4v4 RM · 4d ago on Sep 28, 2026· 53m 32s· 8 players
Game mode
Random Map
Map size
Large (8 player)
Population
200
Speed
Normal
Resources
Standard
Victory
Conquest
Starting age
Dark Age
Ending age
Imperial Age
RankedLock teamsTeams togetherTeam positionsShared explorationLock speedFull tech treeHidden civsTurbo modeCheats
Victory
Defeat
🇺🇸 Tatars · United States
780
+15
🇨🇴 Franks · Colombia
735
+17
🇨🇴 Japanese · Colombia
709
+18
🇨🇴 Vikings · Colombia
669
+19
🇲🇽 Vietnamese · Mexico
795
-45
🇺🇸 Byzantines · United States
755
-26
🇲🇽 Celts · Mexico
748
-17
🇲🇽 Huns · Mexico
716
-16
adolphfitos
4:07 Loom
15:03 Feudal Age
15:56 Double-Bit Axe
15:58 Horse Collar
17:24 Wheelbarrow
17:22 Town Watch
18:10 Fletching
18:33 Gold Mining
19:43 Stone Mining
20:23 Arson
21:01 Bloodlines
21:12 Forging
24:01 Man-at-Arms
27:49 Castle Age
27:57 Elite Skirmisher
43:13 Bow Saw
43:15 Heavy Plow
48:10 Thumb Ring
roch1234567
9:27 Loom
11:14 Feudal Age
13:23 Wheelbarrow
12:59 Double-Bit Axe
13:25 Horse Collar
19:40 Castle Age
19:01 Fletching
19:12 Padded Archer Armor
20:45 Bow Saw
24:13 Crossbowman
29:09 Murder Holes
29:52 Thumb Ring
34:04 Caravan
35:37 Wheelbarrow
34:56 Gold Mining
35:00 Stone Mining
35:09 Bodkin Arrow
35:30 Leather Archer Armor
34:40 Elite Skirmisher
36:28 Heavy Plow
47:55 Imperial Age
45:42 Hand Cart
47:51 Ballistics
48:27 Cavalier
49:08 Husbandry
48:43 Arbalester
49:42 Forging
49:37 Scale Barding Armor
51:49 Chemistry
53:41 Bombard Tower
Omargxh2666
5:45 Loom
14:10 Feudal Age
14:50 Double-Bit Axe
15:38 Horse Collar
17:05 Wheelbarrow
19:13 Gold Mining
20:45 Stone Mining
21:24 Scale Mail Armor
21:35 Forging
21:26 Padded Archer Armor
22:13 Town Watch
24:54 Castle Age
24:35 Fletching
27:53 Bow Saw
27:32 Man-at-Arms
27:42 Pikeman
29:24 Heavy Plow
29:45 Chain Mail Armor
30:06 Iron Casting
29:46 Leather Archer Armor
29:27 Bodkin Arrow
32:01 Hand Cart
31:47 Town Patrol
32:57 Gold Shaft Mining
32:57 Stone Shaft Mining
32:31 Caravan
36:19 Gambesons
47:29 Imperial Age
dangg7
11:36 Feudal Age
13:08 Town Watch
14:40 Wheelbarrow
16:23 Bloodlines
16:05 Horse Collar
16:34 Double-Bit Axe
23:01 Castle Age
22:17 Gold Mining
22:18 Stone Mining
24:06 Bow Saw
24:00 Heavy Plow
24:59 Husbandry
24:22 Light Cavalry
25:40 Gold Shaft Mining
26:23 Town Patrol
28:29 Hand Cart
29:57 Caravan
33:02 Marauders
35:10 Scale Mail Armor
35:20 Scale Barding Armor
35:27 Forging
38:42 Imperial Age
37:45 Iron Casting
37:32 Chain Barding Armor
40:23 Elite Tarkan
41:24 Conscription
43:00 Blast Furnace
42:01 Scale Mail Armor
46:24 Fletching
Strive4Richs601
0:34 Loom
15:02 Feudal Age
15:50 Double-Bit Axe
15:47 Horse Collar
16:19 Gold Mining
17:12 Stone Mining
24:14 Castle Age
23:39 Fletching
23:50 Padded Archer Armor
23:57 Scale Barding Armor
24:04 Forging
24:20 Scale Mail Armor
24:09 Arson
30:02 Wheelbarrow
32:24 Town Watch
39:14 Imperial Age
37:02 Hand Cart
37:10 Heavy Plow
37:27 Bow Saw
39:13 Silk Armor
39:36 Caravan
39:40 Bodkin Arrow
40:07 Chain Barding Armor
40:04 Leather Archer Armor
40:59 Heavy Cavalry Archer
43:41 Murder Holes
44:47 Chemistry
43:59 Masonry
43:54 Siege Engineers
44:10 Ballistics
45:42 Town Patrol
46:26 Treadmill Crane
46:54 Bracer
47:33 Plate Barding Armor
47:00 Squires
49:53 Conscription
51:09 Timurid Siegecraft
krodie1029
13:32 Feudal Age
14:01 Double-Bit Axe
15:39 Wheelbarrow
15:35 Gold Mining
20:57 Castle Age
21:04 Stone Mining
23:02 Bow Saw
23:31 Gold Shaft Mining
23:09 Husbandry
24:53 Scale Barding Armor
24:59 Forging
36:39 Imperial Age
36:34 Chain Barding Armor
36:50 Iron Casting
37:03 Hand Cart
37:20 Ballistics
36:56 Murder Holes
36:58 Cavalier
Arcanine1220
0:32 Loom
12:42 Feudal Age
16:42 Fishing Lines
20:53 Castle Age
19:15 Gold Mining
20:39 Horse Collar
21:27 Stone Mining
21:43 Double-Bit Axe
22:18 Heavy Plow
23:19 Caravan
24:04 Wheelbarrow
28:11 Coinage
28:56 Gold Shaft Mining
28:39 Gillnets
32:12 Bow Saw
35:20 Imperial Age
33:07 Hand Cart
32:43 Town Watch
33:30 Squires
35:05 Forging
34:56 Scale Mail Armor
36:29 Conscription
37:26 Hoardings
37:04 Arson
39:09 Two-Man Saw
38:58 Iron Casting
39:42 Banking
38:42 Elite Samurai
44:57 Blast Furnace
44:13 Chain Mail Armor
45:07 Town Patrol
48:41 Plate Mail Armor
48:15 Padded Archer Armor
48:05 Fletching
53:10 Kataparuto
52:51 Yasama
DolphinPizza
0:56 Loom
15:18 Feudal Age
20:37 Castle Age
18:39 Double-Bit Axe
18:37 Horse Collar
34:55 Imperial Age
36:19 Fletching
36:32 Scale Mail Armor
36:34 Padded Archer Armor
37:19 Conscription
38:30 Chemistry
37:12 Treadmill Crane
38:11 Bow Saw
38:36 Crossbowman
39:06 Arbalester
40:29 Ballistics
40:06 Elite Berserk
42:45 Two-Man Saw
42:47 Bogsveigar
43:50 Bodkin Arrow
44:18 Heavy Plow
44:32 Heated Shot
45:23 Masonry
45:09 Murder Holes
45:05 Guard Tower
47:19 Bracer
47:31 Forging
47:37 Chain Mail Armor
48:29 Scale Barding Armor
48:39 Leather Archer Armor
50:38 Town Watch
Connection lost

Rejoining the realm…

Still unreachable

The connection could not be restored.

Session expired

The server has moved on; the page needs a fresh start.